 Dungeon Crawl Stone Soup version 0.18.1-8-gdd0e5ea (webtiles) character file.

51 raph the Conjurer (level 3, 0/27 HPs)
             Began as a High Elf Conjurer on June 8, 2016.
             Slain by an adder (3 damage)
             ... on level 2 of the Dungeon.
             The game lasted 00:02:51 (1747 turns).

raph the Conjurer (High Elf Conjurer)               Turns: 1747, Time: 00:02:53

Health: 0/27       AC:  2    Str: 12    XL:     3   Next: 57%
Magic:  0/8        EV: 13    Int: 15    God:
Gold:   109        SH:  0    Dex: 16    Spells: 3 memorised, 1 level left

rFire  . . .     SeeInvis .     f - +0 dagger
rCold  . . .     Gourm    .     a - +0 robe
rNeg   . . .     Faith    .     (no shield)
rPois  .         Spirit   .     (no helmet)
rElec  .         Dismiss  .     (no cloak)
rCorr  .         Reflect  .     (no gloves)
SustAt .         Harm     .     (no boots)
MR     .....                    (no amulet)
Stlth  ..........               (no ring)
                                (no ring)

@: berserking, lethally poisoned (0 -> -6), very quick, not resistant to hostile
enchantments, extremely unstealthy
A: dopey 2, frail 1
a: no special abilities


You were on level 2 of the Dungeon.
You were hungry.

You visited 1 branch of the dungeon, and saw 2 of its levels.

You collected 109 gold pieces.

Inventory:

Hand Weapons
 f - a +0 dagger (weapon)
Armour
 a - a +0 robe (worn)
Scrolls
 d - a scroll of remove curse {unknown}
 j - a scroll of blinking {unknown}
 m - 2 scrolls of teleportation {unknown}
 n - a scroll of enchant armour {unknown}
 o - a scroll of identify {unknown}
 p - a scroll of enchant weapon {unknown}
Potions
 i - a potion of brilliance {unknown}
 k - a potion of lignification {unknown}
 l - a potion of invisibility {unknown}
Books
 b - a book of Conjurations

   Spells                             Type                      Level
   a - Magic Dart                     Conjuration                  1
   b - Searing Ray                    Conjuration                  2
   c - Dazzling Spray                 Conjuration/Hexes            3
   d - Fulminant Prism                Conjuration/Hexes            4
   e - Iskenderun's Mystic Blast      Conjuration                  4
   f - Iskenderun's Battlesphere      Conjuration/Charms           5
Comestibles
 c - 2 bread rations
 g - a meat ration
 q - 2 chunks of flesh


   Skills:
 + Level 2.8 Dodging
 + Level 2.9 Stealth
 + Level 2.7 Spellcasting
 * Level 5.1 Conjurations


You had one spell level left.
You knew the following spells:

 Your Spells              Type           Power        Failure   Level  Hunger
a - Magic Dart            Conj           ###.         2%          1    #......
b - Searing Ray           Conj           ###...       4%          2    ##.....
c - Dazzling Spray        Conj/Hex       #.......     24%         3    ###....


Dungeon Overview and Level Annotations

Branches:
Dungeon (2/15)

Altars:


Innate Abilities, Weirdness & Mutations

You are very dopey. (Int -4)
You are frail (-10% HP).


Message History

You don't have enough magic to cast that spell.
You miss the adder.
The adder is severely wounded.
The adder closely misses you. The adder barely misses you.
You hit the adder.
The adder is almost dead.
You feel sick. The adder bites you.
* * * LOW HITPOINT WARNING * * *
Drink which item? (? for menu, Esc to quit)
It was a potion of mutation.
You feel extremely strange.
You feel frail.
You feel stupid. x2
The adder bites you.
* * * LOW HITPOINT WARNING * * *
Drink which item? (? for menu, Esc to quit)
It was a potion of berserk rage.
A red film seems to cover your vision as you go berserk!
You feel yourself moving faster!
You feel mighty!
* * * LOW HITPOINT WARNING * * *
You feel sick. The adder bites you.
You die...

#...# #.#### ##.##
#.#### ###.# #...##
..#.# #.#.##
#.#.##### #.#.##
####..#....# #.....
### #....###.#.#
######
.....#.##..#.##.#
#..)..†.†S@....####
..........##)......$
.....#.#........##..
...K #.....>##.##
#.# ###.##.# .# #
#.......# #.......#
##.....# #...


You could see an adder.

Vanquished Creatures
  An adder (D:2)
  A dart slug (D:2)
  6 bats
  2 giant cockroaches (D:2)
  8 goblins
  3 hobgoblins
  4 jackals (D:1)
  6 kobolds
  2 giant newts
  2 rats (D:1)
35 creatures vanquished.

Notes
Turn   | Place    | Note
--------------------------------------------------------------
     0 | D:1      | raph the High Elf Conjurer began the quest for the Orb.
     0 | D:1      | Reached XP level 1. HP: 11/11 MP: 4/4
   383 | D:1      | Reached XP level 2. HP: 17/17 MP: 0/6
   489 | D:1      | Learned a level 2 spell: Searing Ray
  1195 | D:1      | Reached XP level 3. HP: 21/21 MP: 4/7
  1200 | D:1      | Learned a level 3 spell: Dazzling Spray
  1350 | D:2      | Reached skill level 5 in Conjurations
  1746 | D:2      | Gained mutation: You are frail (-10% HP). [potion of mutation]
  1746 | D:2      | Gained mutation: You are dopey. (Int -2) [potion of mutation]
  1746 | D:2      | Gained mutation: You are very dopey. (Int -4) [potion of mutation]
  1747 | D:2      | Slain by an adder

Skill      XL: |  1  2  3 |
---------------+----------+-----
Conjurations   | 5 |  5.1
Dodging        | |  2.8
Stealth        | |  2.9
Spellcasting   | |  2.7

Action                   || total
-------------------------++-------
Melee: Dagger            ||     6
 Cast: Magic Dart        ||    61
       Searing Ray       ||     2
  Use: Potion            ||     2
 Stab: Sleeping          ||     1
  Eat: Chunk             ||     2
Armor: Robe              ||     3
Dodge: Dodged            ||    10
